 Dungeon Crawl Stone Soup version 0.25.1-1-g288607f (webtiles) character file.

Game seed: 17877600219991687243

1879 RonnieColeman the Magician (level 9, 0/51 HPs)
             Began as an Octopode Fire Elementalist on Sept 9, 2020.
             Was an Initiate of Sif Muna.
             Slain by a sky beast (6 damage)
             ... on level 6 of the Dungeon.
             The game lasted 00:12:40 (6555 turns).

RonnieColeman the Magician (OpFE)                   Turns: 6555, Time: 00:12:40

Health: 0/51       AC:  1    Str:  8    XL:     9   Next: 14%
Magic:  20/20      EV: 13    Int: 20    God:    Sif Muna [......]
Gold:   275        SH:  0    Dex: 12    Spells: 22/23 levels left

rFire    . . .     SeeInvis .   g - +3 halberd (venom)
rCold    . . .     Gourm    .   (shield currently unavailable)
rNeg     . . .     Faith    .   (helmet restricted)
rPois    .         Spirit   .   (no amulet)
rElec    .         Reflect  .   (no ring)
rCorr    .         Harm     .   (no ring)
MR       .....                  (no ring)
Stlth    +++.......             (no ring)
HPRegen  0.17/turn              (no ring)
MPRegen  0.17/turn              (no ring)
                                (no ring)
                                (no ring)

@: no status effects
A: almost no armour, stealthy swim, amphibious, 8 rings, constrict 8, camouflage
1, gelatinous body 1
a: Renounce Religion


You were on level 6 of the Dungeon.
You worshipped Sif Muna.
Sif Muna was noncommittal.
You were not hungry.

You visited 1 branch of the dungeon, and saw 6 of its levels.

You collected 275 gold pieces.

Inventory:

Hand Weapons
 a - a +0 dagger
 g - a +3 halberd of venom (weapon)
Wands
 j - a wand of disintegration (8)
Scrolls
 d - 4 scrolls of identify
 f - a scroll of immolation {unknown}
 i - a scroll of enchant armour
 k - a scroll of remove curse
Potions
 c - a potion of flight
 e - 2 potions of haste {unknown}
 h - a potion of magic
Comestibles
 b - 10 rations


   Skills:
 - Level 2.0 Dodging
 - Level 2.6 Stealth
 * Level 7.8 Spellcasting
 + Level 5.7 Conjurations
 + Level 6.5 Fire Magic


You had 22 spell levels left.
You knew the following spells:

 Your Spells              Type           Power        Failure   Level  Hunger
a - Foxfire               Conj/Fire      ####         1%          1    None

Your spell library contained the following spells:

 Spells                   Type           Power        Failure   Level  Hunger
 Conjure Flame            Conj/Fire      ####....     1%          3    None
 Inner Flame              Hex/Fire       ###.....     7%          3    None
 Sticky Flame             Conj/Fire      ####....     7%          4    ###....
 Sandblast                Erth           #.....       9%          1    None
 Fireball                 Conj/Fire      ####......   19%         5    #####..


Dungeon Overview and Level Annotations

Branches:
Dungeon (6/15)
 Temple: D:4-7

Altars:
Makhleb
Nemelex Xobeh
Sif Muna
Trog
Wu Jian


Innate Abilities, Weirdness & Mutations

You cannot wear most types of armour.
You are very stealthy in the water. (Stealth+)
You are amphibious.
You can wear up to eight rings at the same time.
You can use your tentacles to constrict eight enemies at once.
Your skin changes colour to match your surroundings (Stealth+).
Your rubbery body absorbs attacks. (AC +1, EV +1)


Message History

You are too injured to fight recklessly!
You completely miss the sky beast. Your squeeze misses the sky beast.
The sky beast is lightly wounded.
The sky beast closely misses you. The sky beast barely misses you.
You barely miss the sky beast.
The sky beast is lightly wounded.
The sky beast hits you. The sky beast shocks you.
You hit the sky beast.
The sky beast is moderately wounded.
The sky beast flickers out of sight!
Deactivating autopickup; reactivate with Ctrl-A.
Something hits you.
* * * LOW HITPOINT WARNING * * *
Something shocks you.
* * * LOW HITPOINT WARNING * * *
Something barely misses you. Something hits you.
* * * LOW HITPOINT WARNING * * *
Something shocks you.
You die...

. ###.# ...... # #####
###...#.. #. #...
#........
#..##.#####.#...#..
#.........@..!.....
......#..#####{#......
####. #..<## .........
# #....#.#........
#.#..#...####..#
#.#### #.# %# ... #.#
# #..# #.# #..


There were no monsters in sight!

Vanquished Creatures
  Pikel (D:5)
  Grinder (D:5)
  Sigmund (D:5)
  A slave (D:5)
  2 phantoms
  2 ogres
  2 centaurs (D:5)
  2 scorpions (D:4)
  6 orc wizards
  A centaur skeleton (D:6)
  An iguana (D:4)
  Natasha (thrice) (D:2)
  2 worker ants
  3 gnolls (D:4)
  4 adders
  2 shadow imps
  2 oozes
  2 worms
  3 dart slugs
  5 leopard geckos
  9 orcs
  6 bats
  5 giant cockroaches
  6 goblins
  4 hobgoblins
  A quokka (D:4)
  3 ball pythons
  7 frilled lizards
  7 kobolds
  A quokka zombie (D:5)
  3 rats
98 creatures vanquished.

Vanquished Creatures (others)
  A slave (D:5)
  A jelly (D:5)
  A bullfrog skeleton (D:5)
  A quokka skeleton (D:5)
  171 foxfires
175 creatures vanquished.

Grand Total: 273 creatures vanquished

Notes
Turn   | Place    | Note
-------+----------+-------------------------------------------
     0 | D:1      | RonnieColeman the Octopode Fire Elementalist began the
                  | quest for the Orb.
     0 | D:1      | Reached XP level 1. HP: 11/11 MP: 3/3
   159 | D:1      | Reached XP level 2. HP: 17/17 MP: 5/5
  1110 | D:2      | Reached XP level 3. HP: 21/21 MP: 6/6
  1596 | D:2      | Reached skill level 3 in Spellcasting
  1597 | D:2      | Found a sparkling altar of Nemelex Xobeh.
  1642 | D:2      | Noticed Natasha
  1653 | D:2      | Killed Natasha
  1653 | D:2      | Reached XP level 4. HP: 27/27 MP: 1/8
  1766 | D:2      | You fall into a shaft and drop 2 floors!
  1769 | D:4      | Noticed a phantom
  1998 | D:2      | Noticed Natasha
  2007 | D:2      | Killed Natasha
  2181 | D:2      | Reached XP level 5. HP: 31/31 MP: 10/10
  2696 | D:2      | Noticed Natasha
  2703 | D:2      | Killed Natasha
  3351 | D:3      | Found an ornate altar of the Wu Jian Council.
  3628 | D:4      | Reached skill level 4 in Spellcasting
  4028 | D:4      | Reached XP level 6. HP: 32/36 MP: 4/12
  4696 | D:4      | Killed a phantom
  4696 | D:4      | Reached skill level 5 in Spellcasting
  4696 | D:4      | Reached XP level 7. HP: 31/41 MP: 5/14
  4799 | D:4      | Found a shimmering blue altar of Sif Muna.
  4809 | D:4      | Became a worshipper of Sif Muna the Loreminder
  4833 | D:4      | Identified Sif Muna's Guide on the Rocks
  5076 | D:4      | Found a burning altar of Makhleb.
  5266 | D:5      | Entered Level 5 of the Dungeon
  5270 | D:5      | Reached skill level 5 in Fire Magic
  5407 | D:5      | Noticed Sigmund
  5463 | D:5      | Found a bloodstained altar of Trog.
  5477 | D:5      | Killed Sigmund
  5477 | D:5      | Reached skill level 6 in Spellcasting
  5477 | D:5      | Reached XP level 8. HP: 41/46 MP: 10/17
  5723 | D:5      | Noticed Pikel
  5739 | D:5      | Killed Pikel
  5739 | D:5      | Reached skill level 7 in Spellcasting
  5739 | D:5      | Reached skill level 5 in Conjurations
  5957 | D:5      | Noticed Grinder
  5965 | D:5      | Killed Grinder
  5965 | D:5      | Reached XP level 9. HP: 8/51 MP: 18/20
  6555 | D:6      | Slain by a sky beast

Illustrated notes

Levels and vault maps discovered:
D:1:      minmay_arrival_solitary_statue, layout_loops_corners,
          columned_hall_lemuel
D:2:      layout_loops_cross, marbit_many_paths, uniq_natasha
D:3:      layout_basic, overflow_temple_1_default
D:4:      layout_rooms, lemuel_crystal_altar, led_sif_book
D:5:      layout_loops_ring, basic_altar, first_ration, uniq_pikel,
          uniq_sigmund, uniq_grinder
D:6:      layout_basic, nicolae_overflow_hidden_temple

Skill      XL: |  1  2  3  4  5  6  7  8 |
---------------+-------------------------+-----
Spellcasting   | 3 4 5 6 7 |  7.8
Conjurations   | 2 3 4 5 |  5.7
Fire Magic     | 4 5 6 |  6.5
Dodging        | |  2.0
Stealth        | |  2.6

Action                   |  1- 3 |  4- 6 |  7- 9 || total
-------------------------+-------+-------+-------++-------
Melee: Dagger            |    51 |    64 |       ||   115
       Constrict         |    12 |    18 |     9 ||    39
       Tentacles         |     6 |    14 |    10 ||    30
       Halberd           |       |    17 |    66 ||    83
 Cast: Foxfire           |    21 |    51 |    35 ||   107
  Use: Scroll            |       |     6 |     3 ||     9
       Potion            |       |       |     3 ||     3
 Stab: Sleeping          |    12 |     6 |     4 ||    22
  Eat: Chunk             |     2 |    10 |     6 ||    18
Armor: Skin              |     3 |     5 |     3 ||    11
Dodge: Dodged            |    18 |    54 |    34 ||   106
